 Dungeon Crawl Stone Soup version 0.30-a0-341-g682706514a (webtiles) character file.

Game seed: 14237146072395576546

18571 radzia the Brawler (level 12, -2/99 HPs)
             Began as a Vine Stalker Berserker on Nov 2, 2022.
             Was a High Priest of Trog.
             Succumbed to a water moccasin's poison
             ... on level 2 of the Lair of Beasts.
             The game lasted 00:20:52 (10180 turns).

radzia the Brawler (Vine Stalker Berserker)        Turns: 10180, Time: 00:20:53

Health: -2/99      AC: 13    Str: 38    XL:     12   Next: 59%
Magic:  1/13       EV: 12    Int:  7    God:    Trog [*****.]
Gold:   696        SH:  5    Dex: 13    Spells: 11/11 levels left

rFire   . . .      SeeInvis .      - Unarmed
rCold   . . .      Faith    .    (no shield)
rNeg    . . .      Spirit   +    r - +0 chain mail
rPois   .          Reflect  +    (no helmet)
rElec   .          Harm     .    (no cloak)
rCorr   .          Rampage  .    q - +0 pair of gloves
Will    +....                    m - +0 pair of boots
Stlth   ..........               z - amulet of reflection
HPRegen 1.16/turn                w - +6 ring of strength
MPRegen 0.13/turn                E - +6 ring of strength

@: berserking, lethally poisoned (-2 -> -32), very quick
A: fangs 3, regeneration 1, magic shield, antimagic bite, no potion heal 2
a: Renounce Religion, Berserk, Trog's Hand, Brothers in Arms


You were on level 2 of the Lair of Beasts.
You worshipped Trog.
Trog was extremely pleased with you.
You visited 2 branches of the dungeon, and saw 11 of its levels.
You also visited: Ossuary and Bailey.

You collected 754 gold pieces.
You spent 58 gold pieces at shops.

Inventory:

Missiles
 f - 5 poisoned darts
 g - 6 javelins (quivered)
Armour
 m - a +0 pair of boots (worn)
 q - a +0 pair of gloves (worn)
 r - a +0 chain mail (worn)
 J - a +2 pair of gloves of hurling
 M - the +1 scale mail of Distant Worlds {rC+ rN+}
   (You found it on level 2 of the Lair of Beasts)

   rC:        It protects you from cold.
   rN:        It protects you from negative energy.
Jewellery
 e - an amulet of regeneration
 w - a +6 ring of strength (left hand)
 z - an amulet of reflection (around neck)
 E - a +6 ring of strength (right hand)
 I - a +6 ring of strength
 L - a +4 ring of evasion
Wands
 d - a wand of iceblast (13)
 o - a wand of charming (17)
 A - a wand of flame (1)
 H - a wand of mindburst (10)
Scrolls
 a - a scroll of summoning {unknown}
 c - 2 scrolls of teleportation
 h - 4 scrolls of magic mapping
 i - 6 scrolls of identify
 j - 2 scrolls of poison {unknown}
 k - 3 scrolls of amnesia {unknown}
 u - a scroll of acquirement {unknown}
 x - 2 scrolls of butterflies
 y - 2 scrolls of vulnerability {unknown}
 D - 2 scrolls of fear {unknown}
 K - a scroll of blinking {unknown}
Potions
 b - 2 potions of resistance
 l - 5 potions of curing
 n - a potion of flight {unknown}
 p - 2 potions of cancellation {unknown}
 s - 2 potions of invisibility {unknown}
 t - 7 potions of magic {unknown}
 v - 2 potions of mutation {unknown}
 B - 4 potions of attraction
 C - 2 potions of berserk rage {unknown}
 F - 2 potions of might {unknown}
 G - 2 potions of haste {unknown}
 N - a potion of ambrosia {unknown}


   Skills:
 + Level 9.0 Fighting
 + Level 7.6 Armour
 + Level 7.9 Dodging
 * Level 15.7 Unarmed Combat


You had 11 spell levels left.
You didn't know any spells.
Your spell library was empty.

Dungeon Overview and Level Annotations

Branches:
Dungeon (9/15)             Temple (0/1) D:6            Lair (2/5) D:9
  Snake (0/4) Lair:2      Ossuary (visited)          Bailey (visited)
  Swamp: Lair:2-3    Shoals: Lair:2-3       Orc: D:9-12

Altars:
Ashenzari
Dithmenos
Qazlal

Shops:
D:2 [   D:5 :::(   D:6 [


Innate Abilities, Weirdness & Mutations

You have razor-sharp teeth.
Your natural rate of healing is unusually fast.
When hurt, damage is shared between your health and your magic reserves.
Your bite disrupts and absorbs the magic of your enemies.
Potions cannot restore your health.


Message History

The water moccasin attacks as you move away!
The water moccasin barely misses you. The blink frog hits you.
* * * LOW HITPOINT WARNING * * *
The blink frog barely misses you.
You see here a scroll of enchant weapon.
The blink frog hits you!
* * * LOW HITPOINT WARNING * * *
The blink frog blinks! x2
The black mamba bites you!
* * * LOW HITPOINT WARNING * * *
You are lethally poisoned!
The black mamba poisons you!
The blink frog blinks!
A red film seems to cover your vision as you go berserk!
You feel yourself moving faster!
You feel mighty!
* * * LOW HITPOINT WARNING * * *
You feel very sick.
The blink frog blinks!
The black mamba bites you.
* * * LOW HITPOINT WARNING * * *
You are lethally poisoned!
The black mamba poisons you!
You hit the black mamba but do no damage.
Your bite misses the black mamba.
* * * LOW HITPOINT WARNING * * *
You feel very sick. The water moccasin barely misses you.
The blink frog blinks!
The black mamba barely misses you.
You closely miss the black mamba. Your bite misses the black mamba.
* * * LOW HITPOINT WARNING * * *
You feel very sick.
The blink frog blinks!
The black mamba barely misses you.
You pummel the black mamba!!
The black mamba is heavily wounded.
* * * LOW HITPOINT WARNING * * *
You feel very sick. The water moccasin bites you.
You are more poisoned.
The water moccasin poisons you!
You barely miss the black mamba. Your bite misses the black mamba.
The black mamba is heavily wounded.
You die...

## ## #..#P###### ## ######
..........## #.######.#..####
...........####.............#
......†...##................#
..........FSS.F.............#
..........F#@.#.............#
........F.F#####.###..#..##.#
..##.##.##.# ### ##..###### .
......#### #.## ..P.#P.#
##..# .... ...# #..P# ...
....# ##.## # ##..# # #..##


You could see a black mamba, 2 blink frogs and a water moccasin.

Vanquished Creatures
  A boulder beetle (Lair:2)
  3 death yaks
  4 black mambas (Lair:2)
  3 cane toads (Lair:1)
  A torpor snail (Lair:1)
  5 komodo dragons
  A rime drake (Lair:2)
  8 blink frogs
  2 wyverns
  A wraith (D:7)
  A steam dragon (D:9)
  25 yaks
  Eustachio (D:4)
  Grum (D:8)
  A basilisk (Lair:1)
  An acid dragon (D:8)
  9 water moccasins
  3 orc warriors
  6 ice beasts
  3 black bears
  3 centaurs
  16 wolves
  3 ogres
  2 phantoms
  A kobold brigand (D:7)
  An elf zombie (Ossuary)
  4 bullfrogs
  2 scorpions (D:5)
  10 wights
  3 human zombies (Ossuary)
  3 hounds
  A jelly (D:6)
  A gnoll bouda (D:4)
  6 orc priests
  4 iguanas
  8 orc wizards
  2 hell rats (D:9)
  3 mummies (Ossuary)
  9 gnolls (Bailey)
  8 adders
  2 river rats
  A shadow imp (D:5)
  2 white imps (D:5)
  An ufetubus (D:6)
  2 adder zombies (Ossuary)
  2 worms
  3 dart slugs
  58 orcs
  10 endoplasms
  A giant cockroach (D:3)
  4 gnoll zombies (Ossuary)
  11 goblins
  6 hobgoblins
  A jackal (D:3)
  11 kobolds
  8 quokkas
  5 ball pythons
  3 bats
  3 frilled lizards
  A goblin zombie (Ossuary)
  3 hobgoblin zombies (Ossuary)
  2 jackal zombies (Ossuary)
  5 kobold zombies (Ossuary)
  2 orc zombies (Ossuary)
  5 quokka zombies (Ossuary)
  6 rats
  8 rat zombies (Ossuary)
336 creatures vanquished.

Vanquished Creatures (others)
  11 fungi (Lair:2)
  14 plants (Lair:2)
25 creatures vanquished.

Grand Total: 361 creatures vanquished

Notes
Turn   | Place    | Note
-------+----------+-------------------------------------------
     0 | D:1      | radzia the Vine Stalker Berserker began the quest for the
                  | Orb.
     0 | D:1      | Reached XP level 1. HP: 11/11 MP: 2/2
   174 | D:1      | Reached XP level 2. HP: 13/16 MP: 1/3
   636 | D:1      | Reached XP level 3. HP: 19/20 MP: 4/4
  1561 | D:2      | Reached skill level 4 in Unarmed Combat
  1719 | D:2      | Found Foimi's Armour Boutique.
  1727 | D:2      | Bought a +0 pair of boots for 58 gold pieces
  1924 | D:3      | Gained mutation: Your natural rate of healing is unusually
                  | fast. [Vine Stalker growth]
  1924 | D:3      | Reached XP level 4. HP: 24/24 MP: 5/5
  2306 | D:3      | Reached ** piety under Trog
  2547 | D:3      | Reached XP level 5. HP: 28/28 MP: 6/6
  3131 | D:3      | Reached skill level 5 in Unarmed Combat
  3204 | D:4      | Identified the +5 robe "Ruots" {Harm rPois Int+3}
  3212 | D:4      | Noticed an orc warrior
  3514 | D:4      | Noticed a black bear
  3524 | D:4      | Killed a black bear
  3525 | D:4      | Reached XP level 6. HP: 24/33 MP: 2/7
  3545 | D:5      | Entered Level 5 of the Dungeon
  3550 | D:5      | Noticed an ice beast
  3582 | D:5      | Killed an ice beast
  3589 | D:5      | Reached XP level 7. HP: 33/37 MP: 3/8
  3675 | D:5      | Reached skill level 6 in Unarmed Combat
  3885 | D:5      | Reached *** piety under Trog
  4038 | D:5      | Found Qautt's Weapon Emporium.
  4053 | D:5      | Found Wesmo's Book Boutique.
  4130 | D:5      | Gained mutation: You have razor-sharp teeth. [Vine Stalker
                  | growth]
  4130 | D:5      | Reached XP level 8. HP: 42/42 MP: 7/9
  4250 | D:5      | Found Usegruin's Book Boutique.
  4270 | D:5      | Found Rufropax's Book Emporium.
  4365 | D:4      | Reached skill level 7 in Unarmed Combat
  4574 | D:4      | Noticed Eustachio
  4585 | D:4      | Killed Eustachio
  4586 | D:4      | Reached skill level 5 in Fighting
  5196 | D:4      | Reached skill level 8 in Unarmed Combat
  5224 | D:4      | Reached XP level 9. HP: 47/47 MP: 8/10
  5276 | D:6      | Found Mifurial's Armour Boutique.
  5437 | D:6      | Identified the +8 trident "Misask" {flame, Will+ rCorr MP-9
                  | Int+4}
  5614 | D:6      | Reached **** piety under Trog
  5615 | D:6      | Reached skill level 9 in Unarmed Combat
  5960 | D:6      | Found a staircase to the Ecumenical Temple.
  6037 | D:7      | Reached skill level 10 in Unarmed Combat
  6041 | D:7      | Reached skill level 5 in Dodging
  6166 | D:7      | Found a flagged portal.
  6183 | Bailey   | Entered a bailey
  6249 | Bailey   | Reached skill level 11 in Unarmed Combat
  6289 | Bailey   | Reached XP level 10. HP: 39/53 MP: 7/11
  6397 | Bailey   | Reached skill level 5 in Armour
  6772 | D:7      | Reached ***** piety under Trog
  7214 | D:8      | Found a stormy altar of Qazlal.
  7378 | D:8      | Noticed Grum
  7383 | D:8      | Reached skill level 12 in Unarmed Combat
  7388 | D:8      | Killed Grum
  7414 | D:8      | Found a sand-covered staircase.
  7419 | Ossuary  | Entered an ossuary
  7594 | Ossuary  | Received a gift from Trog
  7714 | D:8      | Found a shadowy altar of Dithmenos.
  7746 | D:8      | Found a broken altar of Ashenzari.
  7796 | D:9      | Noticed a death yak
  7803 | D:9      | Noticed a death yak
  7815 | D:8      | Killed a death yak
  7900 | D:9      | Noticed a death yak
  7917 | D:8      | Killed a death yak
  7918 | D:8      | Reached skill level 13 in Unarmed Combat
  7971 | D:9      | Killed a death yak
  7972 | D:9      | Reached XP level 11. HP: 58/58 MP: 10/12
  8345 | D:9      | Found a staircase to the Lair.
  8603 | D:8      | Reached skill level 14 in Unarmed Combat
  8710 | Lair:1   | Entered Level 1 of the Lair of Beasts
  9369 | Lair:1   | Reached skill level 15 in Unarmed Combat
  9372 | Lair:1   | Reached XP level 12. HP: 65/65 MP: 13/13
  9601 | Lair:2   | Noticed a boulder beetle
  9606 | Lair:2   | Received a gift from Trog
  9612 | Lair:2   | Killed a boulder beetle
  9899 | Lair:2   | Identified the +1 scale mail of Distant Worlds {rC+ rN+}
  9948 | Lair:2   | Found a staircase to the Snake Pit.
 10179 | Lair:2   | HP: 2/99 [poisoned by a black mamba]
 10180 | Lair:2   | Succumbed to a water moccasin's poison

Illustrated notes

Levels and vault maps discovered:
D:1:      evilmike_arrival_plus, layout_loops_corners,
          chequers_serial_rivers_micro_e, dreamdust_mushroom_princess
D:2:      layout_loops_ring, serial_shops, shop
D:3:      layout_basic, minmay_large_rounded_square, serial_bayou_pond_a
D:4:      minmay_razor_zed, layout_layer_cave, corexii_item_surrounded_by_moat,
          minmay_manual_mail, uniq_eustachio
D:5:      layout_gridville, serial_shops, nicolae_shop_crystal,
          kennysheep_mini_moat, nicolae_shop_bloodbath_and_beyond, shop
D:6:      layout_cave_pools, minmay_temple_entry_wispy, serial_shops,
          nicolae_shop_temple_entry_statues_fountains
D:7:      layout_rooms, enter_bailey_5
D:8:      layout_rooms, mainiacjoe_overflow_two_lobes,
          mainiacjoe_overflow_surrounded_room, enter_ossuary_2, uniq_grum
D:9:      layout_gridville, dpeg_lair_monsters
Lair:1:   layout_gridlike, nicolae_quartered_pool_little, serial_bayou_ford_a,
          st_stairs_10
Lair:2:   layout_roguey, minmay_snake_entry_six_corridors, nzn_sisyphean_effort

Skill      XL: |  1  2  3  4  5  6  7  8  9 10 11 12 |
---------------+-------------------------------------+-----
Fighting       | 3 4 5 6 7 8 9 |  9.0
Unarmed Combat | 4 5 6 8 11 13 15 | 15.7
Dodging        | 2 3 4 5 6 7 |  7.9
Armour         | 2 3 4 6 7 |  7.6

Action                   |  1- 3 |  4- 6 |  7- 9 | 10-12 || total
-------------------------+-------+-------+-------+-------++-------
Melee: Unarmed           |   105 |   125 |   299 |   480 ||  1009
       Bite              |    31 |    19 |    90 |   146 ||   286
       Punch             |     1 |     3 |    16 |    33 ||    53
Invok: Berserk           |       |     1 |     1 |     6 ||     8
       Trog's Hand       |       |       |       |     2 ||     2
  Use: Scroll            |       |       |     2 |     6 ||     8
       Potion            |       |       |       |     1 ||     1
 Stab: Sleeping          |     4 |     1 |       |       ||     5
Armor: Animal skin       |    14 |    11 |       |       ||    25
       Chain mail        |       |    32 |   101 |   128 ||   261
Dodge: Dodged            |    66 |    75 |   141 |   187 ||   469
Block: Other             |       |       |    11 |    94 ||   105
       Reflection        |       |       |       |     3 ||     3

Table legend: (Time is in decaauts)
 A = Elapsed time spent in this place.
 B = Non-inter-level travel time spent in this place.
 C = Inter-level travel time spent in this place.
 D = Time resting spent in this place.
 E = Time spent auto-exploring this place.
 F = Levels seen in this place.
 G = Mean time per level.
                   A        B        C        D        E       F      G
               +--------+--------+--------+--------+--------+-----+--------+
         Total |  10089 |   9364 |    725 |    331 |   6663 |  13 |  776.1 |
       Dungeon |   8025 |   7312 |    713 |    243 |   5387 |   9 |  891.7 |
          Lair |   1445 |   1434 |     11 |     34 |    973 |   2 |  722.5 |
       Ossuary |    236 |    236 |      0 |      0 |    104 |   1 |  236.0 |
        Bailey |    382 |    382 |      0 |     53 |    199 |   1 |  382.0 |
               +--------+--------+--------+--------+--------+-----+--------+

Top non-repeatable levels by time:
     D:4: 1291 daAuts
     D:3: 1089 daAuts
     D:1: 1066 daAuts
     D:2: 1011 daAuts
     D:5: 950 daAuts
  Lair:1: 872 daAuts
     D:9: 743 daAuts
     D:8: 723 daAuts
     D:6: 578 daAuts
  Lair:2: 573 daAuts
     D:7: 571 daAuts
  Bailey: 382 daAuts
 Ossuary: 236 daAuts
